[Event "*** SCC Grand Prix: Titled Tuesday Blitz"]
[Site "Chess.com"]
[Date "2020.07.21"]
[Round "1"]
[White "ManuDavid2910"]
[Black "Alopekos"]
[Result "1-0"]
[WhiteElo "2682"]
[BlackElo "2340"]
[TimeControl "180+1"]
[EndTime "10:08:57 PDT"]
[Termination "ManuDavid2910 won by resignation"]

1. e4 c5 2. Nf3 e6 3. Nc3 Nc6 4. Bb5 Nd4 5. O-O a6 6. Bd3 Nxf3+ 7. Qxf3 d6 8. b3 Nf6 9. Bb2 Be7 10. Rfe1 e5 11. h3 O-O 12. a4 b6 13. Bc4 Be6 14.
d3 Qd7 15. Rad1 Rfb8 16. Bxe6 Qxe6 17. Nd5 Nxd5 18. exd5 Qd7 19. c3 b5 20. a5 b4 21. c4 f5 22. Qg3 f4 23. Qf3 Rf8 24. Qe4 Rae8 25. Kh2 Bh4 26. Rd2 Bd8 27. g3 Bxa5 28.
Ra1 Qc7 29. Re2 Ra8 30. Ree1 Bb6 31. Rg1 fxg3+ 32. fxg3 Rf2+ 33. Rg2 Raf8 34. Rxa6 Rxg2+ 35. Kxg2 Qb7 36. Ra1 Qf7 37. Qe2 Bd8 38. h4 Qf5 39. Bc1 Qg6 40. h5 Qf5 41. Be3 Bf6 42. Rf1 Qd7 43. h6 g6 44. Qf3 Be7 45. Qe2 Rxf1 46. Qxf1 Qf5 47. Qa1 Kf7 48. Qd1 Qh5 49. Qd2 Qf5 50.
Qe2 g5 51. Qh5+ Qg6 52. Qf3+ Qf6 53. Qe2 Qxh6 54. Qf3+ Qf6 55. Qh5+ Qg6 56. Qg4 Qxd3 57. Qe6+ Kf8 58. Qc8+ Kf7 59. Qe6+ Kf8 60. Qh6+ Ke8 61.
Kf2 Qf5+ 62. Kg2 Qe4+ 63. Kf2 Qc2+ 64. Kf3 Qf5+ 65. Kg2 Qe4+ 66. Kf2 Qc2+ 67. Kf3 Qxb3 68. Qe6 Qxc4 69. Bxg5 Qd3+ 70. Kg2 Qc2+ 71. Kg1 Qb1+ 72. Kg2 Qe4+ 73. Kh2 Qe2+ 74. Kh3 Qh5+ 75. Bh4 Qg5 76. Bxg5 1-0

[Event "*** SCC Grand Prix: Titled Tuesday Blitz"]
[Site "Chess.com"]
[Date "2020.07.21"]
[Round "1"]
[White "anon569"]
[Black "viktorskliarov"]
[Result "1-0"]
[WhiteElo "2291"]
[BlackElo "2600"]
[TimeControl "180+1"]
[EndTime "10:09:01 PDT"]
[Termination "anon569 won on time"]

1. e4 c5 2. Nf3 Nc6 3. d4 cxd4 4.
Nxd4 Nf6 5. Nc3 e5 6. Ndb5 d6 7.
Bg5 a6 8. Na3 b5 9. Nd5 Be7 10.
Bxf6 Bxf6 11. c3 O-O 12. Nc2 Rb8 13. Bd3 Bg5 14. O-O Ne7 15. Nce3 Be6 16. Nxe7+ Qxe7 17. Qe2 Qa7 18. a4 Bxe3 19. fxe3 Qc5 20. axb5 axb5 21.
Rfd1 b4 22. Rac1 bxc3 23. Rxc3 Qb4 24. Rd2 Rfc8 25. Rdc2 Rxc3 26. bxc3 Qb1+ 27. Kf2 Qa1 28. c4 g6 29. Ra2 Qh1 30. Kg3 h5 31. h3 Kg7 32. Rb2 Rxb2 33. Qxb2 Qe1+ 34. Kh2 Qxe3 35. Qc2 h4 36. Kh1 Qe1+ 37. Kh2 Qg3+ 38. Kh1 g5 39. Be2 Qf2 40. Qd3 Kf6 41. Bf3 Qd4 42. Qf1 Bxc4 43. Be2+ Ke7 44. Bxc4 f6 45. Bd5 Qe3 46. Qg1 Qa3 47. Qb1 Qa7 48. Qb7+ Qxb7 49. Bxb7 f5 50.
exf5 Kf6 51. Be4 d5 52. Bxd5 Kxf5 53. Bf3 Kf4 54. Kg1 e4 55. Bg4 Ke3 56. Kf1 Kd2 57. Be2 Ke3 58. Bb5 Kd2 59. Kf2 e3+ 60. Kf3 e2 61. Bxe2 Ke1 62. Bb5 Kd2 63. Bc6 Ke1 64. Kg4 Kf2 65. Bf3 1-0

[Event "*** SCC Grand Prix: Titled Tuesday Blitz"]
[Site "Chess.com"]
[Date "2020.07.21"]
[Round "1"]
[White "Man-Chuk"]
[Black "eightbyeightchess"]
[Result "1-0"]
[WhiteElo "2839"]
[BlackElo "2418"]
[TimeControl "180+1"]
[EndTime "10:09:03 PDT"]
[Termination "Man-Chuk won on time"]

1. e4 d5 2. exd5 Nf6 3. d4 Bg4 4. Bb5+ c6 5. dxc6 Nxc6 6. f3 Bf5 7. Ne2 e6 8. O-O Bd6 9. c3 h6 10. Bf4 O-O 11. Bxd6 Qxd6 12. Nd2 Nd5 13. Nc4 Qc7 14.
Qd2 Rfd8 15. Ne3 Nxe3 16. Qxe3 Ne7 17. Bd3 Bxd3 18. Qxd3 e5 19. Rad1 exd4 20. Nxd4 a6 21. Rfe1 Ng6 22. Kh1 b5 23. a3 Rd5 24. g3 Rad8 25.
Qe3 a5 26. Qe2 b4 27. axb4 axb4 28. Nb5 Qb7 29. Rxd5 Rxd5 30. Nd4 Ne5 31. Qe4 bxc3 32.
bxc3 Nc4 33. Re2 Qd7 34. Kg2 g6 35. Qe8+ Qxe8 36. Rxe8+ Kg7 37. Kf2 h5 38. h4 Nd6 39.
Re7 Rc5 40. Ne6+ Kf6 41. Nxc5 Kxe7 42. Ne4 Nc4 43. Ke2 Ke6 44. Kd3 Ne5+ 45. Ke3 Nc4+ 46. Kd4 Ne5 47. f4 Nf3+ 48. Ke3 Ne1 49. Ng5+ Kd5 50.
Nxf7 Kc4 51. Ne5+ Kxc3 52. Nxg6 Kc4 53. Ke4 Kc5 54. Kf5 Kd6 55. Kg5 Ke6 56. Kxh5 Kf6 57. Ne5 Ng2 58. Kg4 Ne3+ 59. Kf3 Nd5 60. h5 Ne7 61. g4 Nd5 62. g5+ Kf5 63. Ng6 Nc3 64.
Nh4+ Ke6 65. Kg4 Kf7 66. f5 Nd5 67. Ng2 Kg7 68. Nf4 Ne3+ 69. Kf3 Nxf5 70. Ne6+ Kf7 71. Nc5 Ng7 72. Kg4 Ne8 73. g6+ Kf6 74. Ne4+ Kg7 75. Kg5 Nc7 76. h6+ Kf8 77. Nc5 Kg8 78. Nd7 1-0

[Event "*** SCC Grand Prix: Titled Tuesday Blitz"]
[Site "Chess.com"]
[Date "2020.07.21"]
[Round "1"]
[White "Eliwood44"]
[Black "Muracle"]
[Result "1/2-1/2"]
[WhiteElo "2305"]
[BlackElo "2624"]
[TimeControl "180+1"]
[EndTime "10:09:23 PDT"]
[Termination "Game drawn - insufficient material"]

1. d4 Nf6 2. Nf3 g6 3. e3 Bg7 4.
Be2 O-O 5. O-O c5 6. c3 d5 7.
dxc5 Qc7 8. b4 a5 9. Bb2 Rd8 10. Nbd2 Ne4 11. Nd4 Nc6 12. Nxc6 bxc6 13. Nxe4 axb4 14.
Qc2 Qe5 15. Rfd1 Bf5 16. cxb4 Qxb2 17. Qxb2 Bxb2 18. Ng3 Bxa1 19. Nxf5 gxf5 20. Rxa1 Rdb8 21. b5 cxb5 22. c6 Rb6 23. Rc1 Rc8 24. c7 Rb7 25. Rc5 Rcxc7 26. Rxd5 Rc1+ 27. Bf1 e6 28. Rd8+ Kg7 29.
g3 Ra7 30. Rd2 b4 31. Kg2 Ra1 32. Bc4 Kf6 33. h4 Rc7 34. Bb3 Ke5 35. Rd4 Rb1 36. Rxb4 Rb2 37. Rb5+ Kf6 38. Ra5 Rd7 39. Ra4 Rdd2 40.
Rf4 h5 41. e4 Ke5 42. exf5 exf5 43. Bxf7 Rd4 44. Rf3 f4 45. Bxh5 Rxa2 46. gxf4+ Rxf4 47. Kg3 Rd4 48. Rf8 Ra7 49. Re8+ Kf6 50. Rf8+ Kg7 51. Rf4 Rd3+ 52. Bf3 Kh6 53. Rf6+ Kh7 54. Rf4 Rg7+ 55. Rg4 Rf7 56. Rf4 Re7 57. Kg4 Rd2 58. Be4+ Kh8 59. f3 Rg7+ 60. Kh5 Rb2 61. Rf8+ Rg8 62. Rxg8+ Kxg8 63. Kg5 Kg7 64. f4 Rb5+ 65. f5 Rb4 66. Bf3 Rb3 67.
Bg4 Rb6 68. h5 Kh7 69. Bf3 Kg7 70. Be4 Rb4 71. Bd3 Rd4 72. Bc2 Rd2 73. h6+ Kh7 74.
Be4 Re2 75. Bd3 Re3 76. Bc2 Rg3+ 77. Kf4 Rg2 78. Be4 Rg8 79. Ke5 Kxh6 80. Bd5 Re8+ 81. Kf6 Rf8+ 82. Bf7 Kh7 83. Ke7 Ra8 84. Be6 Ra7+ 85.
Bd7 Ra6 86. f6 Rxf6 87. Kxf6 1/2-1/2

[Event "*** SCC Grand Prix: Titled Tuesday Blitz"]
[Site "Chess.com"]
[Date "2020.07.21"]
[Round "1"]
[White "aNaartjieZA"]
[Black "Chopper1905"]
[Result "1/2-1/2"]
[WhiteElo "2452"]
[BlackElo "2903"]
[TimeControl "180+1"]
[EndTime "10:09:47 PDT"]
[Termination "Game drawn by stalemate"]

1. e4 Nc6 2. Nf3 d6 3. g3 g6 4. Bg2 Nf6 5. d3 Bg7 6. O-O O-O 7. c3 Rb8 8. a4 a6 9. Re1 b5 10. axb5 axb5 11. d4 d5 12. exd5 Nxd5 13. Nbd2 Bb7 14.
Ne4 Ra8 15. Rxa8 Bxa8 16. Nc5 Na5 17. h4 h6 18. Ne5 Nc4 19. Nxc4 bxc4 20. Qe2 e6 21. h5 gxh5 22. Qxh5 Nf6 23. Qh4 Bxg2 24. Kxg2 Qd5+ 25. Kg1 Qf5 26. Bxh6 Bxh6 27. Qxh6 Qxf2+ 28. Kxf2 Ng4+ 29. Kf3 Nxh6 30. b3 cxb3 31. Rb1 Ra8 32. Rxb3 Nf5 33. g4 Nd6 34. Ne4 Ra1 35. Nxd6 cxd6 36. Rb6 d5 37. Rc6 Rf1+ 38. Kg3 Kg7 39. Rc7 Kg6 40. Rc6 Kg5 41. c4 Rf4 42. cxd5 exd5 43. Rc7 Rxg4+ 44. Kf3 Rf4+ 45. Ke3 Rf5 46. Rd7 Kf6 47. Rd6+ Ke7 48. Ra6 Rh5 49. Kf4 f6 50.
Ra7+ Ke6 51. Ra6+ Kf7 52. Ra7+ Kg6 53. Rd7 Rf5+ 54. Ke3 Kg5 55. Rg7+ Kh4 56. Rh7+ Kg4 57. Rg7+ Rg5 58. Rd7 Kg3 59. Rf7 f5 60. Rf8 Kg4 61.
Rf7 Rg6 62. Rd7 f4+ 63. Kf2 Rg5 64. Rd8 Rf5 65. Rg8+ Kh5 66. Kf3 Kh6 67. Rg1 Kh7 68. Re1 Kg6 69. Re6+ Kg5 70. Re1 Kf6 71. Re8 Kf7 72. Re1 Kg6 73. Re6+ Kf7 74. Re1 Kf8 75. Rg1 Ke7 76. Rg4 Kf6 77. Rh4 Kg5 78. Rg4+ Kf6 79. Rh4 Kg6 80. Rxf4 Kg5 81. Rxf5+ Kxf5 82. Kf2 Kf4 83.
Ke1 Ke3 84. Kd1 Kd3 85. Ke1 Kxd4 86. Kd2 Ke4 87. Ke2 Kd4 88. Kd2 Kc4 89. Kc2 d4 90.
Kd2 d3 91. Kd1 Kd4 92. Kd2 Ke4 93. Kd1 Kd5 94. Kd2 Kd4 95. Kd1 Kc3 96. Kc1 Kc4 97.
Kd2 Kd4 98. Kd1 Ke3 99. Ke1 d2+ 100. Kd1 Kd3 1/2-1/2

[Event "*** SCC Grand Prix: Titled Tuesday Blitz"]
[Site "Chess.com"]
[Date "2020.07.21"]
[Round "1"]
[White "platy3"]
[Black "margarita_2703"]
[Result "1-0"]
[WhiteElo "2757"]
[BlackElo "2385"]
[TimeControl "180+1"]
[EndTime "10:10:03 PDT"]
[Termination "platy3 won by checkmate"]

1. e4 Nf6 2. e5 Nd5 3. d4 d6 4. Nf3 g6 5. Bc4 Nb6 6. Bb3 Bg7 7. exd6 cxd6 8. O-O O-O 9. c3 Nc6 10. Re1 e5 11.
Bg5 Qc7 12. Nbd2 h6 13. Bh4 Re8 14. h3 Bf5 15. dxe5 dxe5 16. Ne4 Bxe4 17. Rxe4 Na5 18. Bg3 Nxb3 19. Qxb3 Nd7 20. Re2 Nc5 21. Qc4 Qd6 22. Rae1 Nd3 23. Rd1 Nxb2 24. Qxf7+ Kxf7 25. Rxd6 Nc4 26. Rd7+ Re7 27. Rxe7+ Kxe7 28. Nxe5 Nxe5 29. Bxe5 Bxe5 30.
Rxe5+ Kf6 31. Rc5 Rd8 32. a4 Rd1+ 33. Kh2 Rd2 34. Kg3 Ra2 35. a5 Ra3 36. f3 b6 37.
axb6 axb6 38. Rc6+ Kg7 39. c4 Ra4 40. h4 h5 41. Kf2 Kh6 42. Ke3 Ra3+ 43. Kf4 Ra4 44.
Ke5 Ra2 45. Rxb6 Rxg2 46. c5 Re2+ 47. Kd6 Rd2+ 48. Ke5 Re2+ 49. Kf6 Rf2 50. Rb3 Rc2 51. Rb8 Kh7 52. Rb7+ Kh6 53. Rg7 Rxc5 54. Rxg6+ Kh7 55. Rg5 Rc6+ 56. Kf5 Rc5+ 57. Kf4 Rc4+ 58. Kg3 Kh6 59. Ra5 Rb4 60. Re5 Rc4 61. Re4 Rc3 62. Kf4 Rb3 63. Re6+ Kg7 64. Rc6 Rb4+ 65. Kg5 Rb5+ 66. Kf4 Rb4+ 67.
Kg3 Ra4 68. Re6 Kf7 69. Re4 Ra3 70. Kf4 Kg6 71. Rb4 Ra1 72. Rb6+ Kg7 73. Rb5 Kg6 74. Re5 Ra4+ 75. Kg3 Ra3 76. Rg5+ Kh6 77. Rg8 Ra4 78. Rc8 Rb4 79. Rc6+ Kh7 80. Re6 Ra4 81. Kh3 Rb4 82. Kg3 Ra4 83. Re4 Ra3 84. Kf4 Ra5 85. Re5 Ra4+ 86. Kg5 Ra3 87. f4 Rf3 88. f5 Rg3+ 89.
Kxh5 Rf3 90. Kg5 Kg7 91. Re7+ Kf8 92. Ra7 Rg3+ 93. Kf6 Ke8 94. h5 Rh3 95. Kg6 Rg3+ 96. Kf6 Rh3 97. h6 Rxh6+ 98. Kg7 Rb6 99. f6 Rb2 100.
f7+ Kd8 101. f8=Q# 1-0

[Event "*** SCC Grand Prix: Titled Tuesday Blitz"]
[Site "Chess.com"]
[Date "2020.07.21"]
[Round "2"]
[White "Duong57"]
[Black "PavelShkapenko"]
[Result "0-1"]
[WhiteElo "2310"]
[BlackElo "2625"]
[TimeControl "180+1"]
[EndTime "10:11:34 PDT"]
[Termination "PavelShkapenko won by resignation"]

1. d4 Nf6 2. c4 e6 3. Nc3 Bb4 4.
Qc2 c5 5. dxc5 Bxc5 6. Nf3 Qb6 7. e3 Qc7 8. Be2 b6 9. O-O Bb7 10. e4 Nc6 11. a3 Ng4 12. h3 Nd4 0-1

[Event "*** SCC Grand Prix: Titled Tuesday Blitz"]
[Site "Chess.com"]
[Date "2020.07.21"]
[Round "2"]
[White "Matveev_Vladimir"]
[Black "Sjakkerntobi"]
[Result "1-0"]
[WhiteElo "2669"]
[BlackElo "2421"]
[TimeControl "180+1"]
[EndTime "10:12:40 PDT"]
[Termination "Matveev_Vladimir won by resignation"]

1. d4 e6 2. c4 d5 3. Nf3 Nf6 4. g3 Bb4+ 5. Bd2 Be7 6. Bg2 O-O 7. O-O Nbd7 8. b3 c6 9. a4 a5 10. Nc3 b6 11. cxd5 cxd5 12. Nb5 Bb7 13. Bf4 Nh5 14. Bc7 Qc8 15. Rc1 Ba6 16. Nd6 Bxd6 17. Bxd6 Qb7 18. Rc7 1-0

[Event "*** SCC Grand Prix: Titled Tuesday Blitz"]
[Site "Chess.com"]
[Date "2020.07.21"]
[Round "2"]
[White "Malysch"]
[Black "Shivagami"]
[Result "1-0"]
[WhiteElo "2445"]
[BlackElo "2225"]
[TimeControl "180+1"]
[EndTime "10:13:20 PDT"]
[Termination "Malysch won by resignation"]

1. d4 Nf6 2. c4 c5 3. d5 e6 4. Nc3 exd5 5. cxd5 d6 6. Nf3 g6 7. Nd2 a6 8. a4 Bg7 9. Nc4 O-O 10. Bf4 Ne8 11. Qd2 Bf6 12. a5 Qe7 13. Nb6 1-0

[Event "*** SCC Grand Prix: Titled Tuesday Blitz"]
[Site "Chess.com"]
[Date "2020.07.21"]
[Round "2"]
[White "Phriex"]
[Black "j2806"]
[Result "1-0"]
[WhiteElo "2377"]
[BlackElo "2039"]
[TimeControl "180+1"]
[EndTime "10:13:20 PDT"]
[Termination "Phriex won by resignation"]

1. d4 Nf6 2. c4 e6 3. Nc3 d5 4.
cxd5 exd5 5. Bg5 Be7 6. e3 c6 7. Bd3 Nbd7 8. Nge2 Nh5 9. Bxe7 Qxe7 10. O-O g6 11.
Re1 Ndf6 12. Ng3 Nxg3 13. hxg3 Ne4 14. Bxe4 dxe4 15. Qc2 Bf5 16. g4 Bxg4 17. Qxe4 Be6 18. Rad1 O-O 19. d5 cxd5 20. Nxd5 Qf6 21. Nxf6+ 1-0

[Event "*** SCC Grand Prix: Titled Tuesday Blitz"]
[Site "Chess.com"]
[Date "2020.07.21"]
[Round "2"]
[White "swimmerchess"]
[Black "Artem_Sadovsky"]
[Result "1-0"]
[WhiteElo "2804"]
[BlackElo "2520"]
[TimeControl "180+1"]
[EndTime "10:13:22 PDT"]
[Termination "swimmerchess won by resignation"]

1. e4 c6 2. d4 d5 3. e5 c5 4.
Nf3 cxd4 5. Nxd4 Nc6 6. c4 e6 7.
Nc3 Bb4 8. Nxc6 bxc6 9. Bd2 Ne7 10. Bd3 O-O 11. O-O Ba6 12. Qe2 Bxc4 13. Bxc4 dxc4 14.
Rad1 Qxd2 15. Rxd2 1-0

[Event "*** SCC Grand Prix: Titled Tuesday Blitz"]
[Site "Chess.com"]
[Date "2020.07.21"]
[Round "2"]
[White "Arjun2002"]
[Black "BikingBrian"]
[Result "1-0"]
[WhiteElo "2615"]
[BlackElo "2213"]
[TimeControl "180+1"]
[EndTime "10:13:28 PDT"]
[Termination "Arjun2002 won by resignation"]

1. e4 c5 2. Nf3 g6 3. d4 cxd4 4. Nxd4 Nc6 5. c4 Nf6 6. Nc3 d6 7. f3 Qb6 8. Be3 Bg7 9. Nf5 Qxb2 10. Nxg7+ Kf8 11. Na4 Qxa1 12. Qxa1 Kxg7 13. Be2 Be6 14. O-O Ne5 15. Rc1 Rhc8 16. c5 1-0

[Event "*** SCC Grand Prix: Titled Tuesday Blitz"]
[Site "Chess.com"]
[Date "2020.07.21"]
[Round "2"]
[White "Karina_Ivanova"]
[Black "albano87"]
[Result "1-0"]
[WhiteElo "2190"]
[BlackElo "2405"]
[TimeControl "180+1"]
[EndTime "10:13:45 PDT"]
[Termination "Karina_Ivanova won by checkmate"]

1. Nf3 c5 2. c4 Nc6 3. d4 cxd4 4.
Nxd4 e5 5. Nb5 d6 6. g3 Nf6 7.
Bg2 Be7 8. O-O O-O 9. N1c3 Be6 10.
b3 a6 11. Na3 Qd7 12. Bb2 Bh3 13. Nd5 Bxg2 14. Kxg2 Nxd5 15. Qxd5 Qe6 16. Rfd1 Kh8 17. Nc2 Qxd5+ 18. Rxd5 f5 19. Rad1 b5 20. Ba3 bxc4 21. bxc4 Na5 22. Rxa5 Rac8 23. Rxa6 Rxc4 24. Ne3 Re4 25.
Bxd6 Bxd6 26. Raxd6 f4 27. Rd8 Rxd8 28. Rxd8# 1-0

[Event "*** SCC Grand Prix: Titled Tuesday Blitz"]
[Site "Chess.com"]
[Date "2020.07.21"]
[Round "2"]
[White "romulocardoso"]
[Black "GracefulYear"]
[Result "0-1"]
[WhiteElo "2138"]
[BlackElo "2409"]
[TimeControl "180+1"]
[EndTime "10:13:53 PDT"]
[Termination "GracefulYear won by resignation"]

1. e4 c6 2. d4 d5 3. exd5 cxd5 4. c4 Nf6 5. Nc3 Nc6 6. Nf3 Bg4 7. Be3 e6 8. h3 Bh5 9. Bd3 Bg6 10. O-O Be7 11. Re1 O-O 12. Ne5 Bxd3 13. Qxd3 dxc4 14. Nxc6 cxd3 15. Nxd8 Raxd8 16. Rad1 Bb4 17. Rxd3 Nd5 18. Bd2 Nxc3 19. bxc3 Ba5 20. c4 Bxd2 21. Rxd2 Rd7 22. Red1 Rfd8 23. Kf1 Kf8 24. Ke2 Ke7 25. Ke3 Kd6 26.
Ke4 Kc6 27. d5+ exd5+ 28. Rxd5 Rxd5 29. cxd5+ Kc5 30. Rc1+ Kd6 31. Rb1 b6 32. Rb2 Rc8 33. Kd4 Rc5 34. Re2 Rxd5+ 35. Kc4 Re5 36. Rxe5 Kxe5 37.
Kb5 Kd5 38. Ka6 Kc5 39. Kxa7 Kb5 40. a4+ Ka5 41. Kb7 f5 42. Kc6 g5 43. g4 f4 44. f3 h6 45. Kb7 Kxa4 46. Kxb6 Kb4 47. Kc6 Kc4 48. Kd6 Kd4 49. Ke6 Ke3 50. Kf6 Kxf3 51.
Kg6 Kg3 52. Kxh6 Kh4 0-1

[Event "*** SCC Grand Prix: Titled Tuesday Blitz"]
[Site "Chess.com"]
[Date "2020.07.21"]
[Round "2"]
[White "Zhuu96"]
[Black "TudorAnton"]
[Result "1-0"]
[WhiteElo "2796"]
[BlackElo "2517"]
[TimeControl "180+1"]
[EndTime "10:13:55 PDT"]
[Termination "Zhuu96 won by resignation"]

1. d4 Nf6 2. c4 e6 3. Nf3 Bb4+ 4. Nbd2 O-O 5. e3 b6 6. Bd3 Bb7 7. O-O Re8 8. e4 Bxd2 9. Nxd2 Nc6 10. e5 Nxd4 11.
exf6 Qxf6 12. Ne4 Qg6 13. Ng3 f5 14. Be3 c5 15. f4 d6 16. Rf2 Rf8 17. Bxd4 cxd4 18.
Bc2 Qf6 19. Ne2 Rac8 20. Qxd4 e5 21. Qc3 1-0

[Event "*** SCC Grand Prix: Titled Tuesday Blitz"]
[Site "Chess.com"]
[Date "2020.07.21"]
[Round "2"]
[White "ikhasu"]
[Black "Reader777"]
[Result "0-1"]
[WhiteElo "2375"]
[BlackElo "2647"]
[TimeControl "180+1"]
[EndTime "10:13:59 PDT"]
[Termination "Reader777 won by resignation"]

1. e4 c5 2. Nf3 d6 3. c3 Nf6 4.
Bd3 g6 5. Bc2 Bg7 6. h3 O-O 7.
O-O Nc6 8. Re1 e5 9. d4 exd4 10. cxd4 Nd7 11. dxc5 dxc5 12. Nc3 Nd4 13. Bd3 Nxf3+ 14.
gxf3 Ne5 15. Be2 Qh4 16. f4 Qxh3 17. fxe5 Bxe5 18. f4 Bd4+ 0-1

[Event "*** SCC Grand Prix: Titled Tuesday Blitz"]
[Site "Chess.com"]
[Date "2020.07.21"]
[Round "2"]
[White "PavelChernomordik"]
[Black "canary2016"]
[Result "1-0"]
[WhiteElo "2351"]
[BlackElo "1903"]
[TimeControl "180+1"]
[EndTime "10:14:04 PDT"]
[Termination "PavelChernomordik won by checkmate"]

1. e4 c5 2. Nc3 a6 3. f4 g6 4. Nf3 Bg7 5. g3 Nf6 6. e5 Ng8 7.
Bg2 d6 8. Qe2 Nc6 9. d3 dxe5 10.
fxe5 Bg4 11. Bf4 Nd4 12. Qf2 Bxf3 13. Bxf3 Qb6 14. O-O-O e6 15. Ne4 Ne7 16. Nd6+ Kf8 17. Bg2 Rb8 18. Rhf1 Nef5 19. g4 Nxd6 20. exd6 Rd8 21.
c3 Nc6 22. Bg5 Rd7 23. Be7+ Nxe7 24. Qxf7# 1-0

[Event "*** SCC Grand Prix: Titled Tuesday Blitz"]
[Site "Chess.com"]
[Date "2020.07.21"]
[Round "2"]
[White "giantslayer83"]
[Black "LuisFSiles"]
[Result "1-0"]
[WhiteElo "2725"]
[BlackElo "2325"]
[TimeControl "180+1"]
[EndTime "10:14:08 PDT"]
[Termination "giantslayer83 won by resignation"]

1. d4 Nf6 2. Bg5 Ne4 3. Bf4 e6 4. f3 Bd6 5. Bxd6 Nxd6 6. e4 f5 7.
e5 Nf7 8. Nc3 O-O 9. f4 b6 10.
Be2 Bb7 11. Bf3 Nc6 12. Nge2 Qc8 13. Qd2 Ne7 14. d5 exd5 15. Nxd5 Nxd5 16. Bxd5 Kh8 17. O-O-O Nd8 18. Bxb7 Qxb7 19. Qxd7 Nc6 20. Qd5 Rad8 21. Qf3 b5 22. Nd4 Rxd4 23. Rxd4 Qa6 24. Rdd1 1-0

[Event "*** SCC Grand Prix: Titled Tuesday Blitz"]
[Site "Chess.com"]
[Date "2020.07.21"]
[Round "2"]
[White "aNaartjieZA"]
[Black "Colchonero64"]
[Result "0-1"]
[WhiteElo "2451"]
[BlackElo "2930"]
[TimeControl "180+1"]
[EndTime "10:14:11 PDT"]
[Termination "Colchonero64 won by resignation"]

1. e4 c5 2. Nf3 a6 3. g3 Nc6 4. Bg2 g6 5. O-O Bg7 6. d3 d6 7. Re1 e5 8. c3 Nge7 9. a3 O-O 10. b4 h6 11. Nbd2 Be6 12. Bb2 b5 13.
Rb1 Rc8 14. Ba1 Qd7 15. d4 cxd4 16. cxd4 exd4 17. Nb3 Ne5 18. Nfxd4 Bc4 19. f4 Qa7 20.
Kh1 Nd3 21. Re3 Nf2+ 0-1

[Event "*** SCC Grand Prix: Titled Tuesday Blitz"]
[Site "Chess.com"]
[Date "2020.07.21"]
[Round "2"]
[White "margarita_2703"]
[Black "Juanovic"]
[Result "1-0"]
[WhiteElo "2388"]
[BlackElo "2089"]
[TimeControl "180+1"]
[EndTime "10:14:11 PDT"]
[Termination "margarita_2703 won by resignation"]

1. Nf3 Nf6 2. d4 g6 3. c4 Bg7 4. Nc3 d6 5. e4 Nbd7 6. Be2 e5 7.
O-O O-O 8. Qc2 c6 9. Rd1 Qc7 10. b4 a6 11. Rb1 Re8 12. dxe5 Nxe5 13. Nd4 Ned7 14. Bf4 Ne5 15. b5 axb5 16. cxb5 Nfd7 17. bxc6 bxc6 18. Ncb5 Qb8 19. Nxc6 Nxc6 20. Qxc6 Rxa2 21. Nxd6 1-0

[Event "*** SCC Grand Prix: Titled Tuesday Blitz"]
[Site "Chess.com"]
[Date "2020.07.21"]
[Round "2"]
[White "enkhtuul"]
[Black "Funo09"]
[Result "0-1"]
[WhiteElo "2387"]
[BlackElo "2762"]
[TimeControl "180+1"]
[EndTime "10:14:21 PDT"]
[Termination "Funo09 won by resignation"]

1. d4 Nf6 2. Nf3 g6 3. Bf4 Bg7 4. e3 O-O 5. Be2 d6 6. h3 c5 7. c3 Be6 8. O-O Nc6 9. Nbd2 Qb6 10. Bc4 d5 11. dxc5 Qxb2 12. Rb1 Qxc3 13. Rb3 Qa5 14.
Rb5 Qd8 15. Bd3 Bc8 16. Qa4 Re8 17. Ne5 Nxe5 18. Bxe5 Bd7 19. Rfb1 a6 20. Qa5 axb5 21. Qxd8 Rexd8 22. Bxb5 Rxa2 23. Bxd7 Rxd7 24. Nf3 Ne4 25. Bxg7 Kxg7 26. Ne5 Rc7 27. Nd3 Nxc5 28. Nxc5 Rxc5 29. Rxb7 Rc1+ 30. Kh2 Rxf2 31. Rxe7 Rcc2 0-1

[Event "*** SCC Grand Prix: Titled Tuesday Blitz"]
[Site "Chess.com"]
[Date "2020.07.21"]
[Round "2"]
[White "aliba25"]
[Black "tk22h"]
[Result "1-0"]
[WhiteElo "2635"]
[BlackElo "2307"]
[TimeControl "180+1"]
[EndTime "10:14:31 PDT"]
[Termination "aliba25 won by resignation"]

1. d4 Nf6 2. c4 g6 3. Nc3 d5 4. Bg5 Ne4 5. Bh4 g5 6. Nxe4 gxh4 7.
cxd5 Qxd5 8. Nc3 Qa5 9. h3 Bg7 10. Nf3 Nc6 11. e3 Bf6 12. Qd2 Bf5 13. e4 Bg6 14. Bb5 Rd8 15. O-O O-O 16. Bxc6 bxc6 17. Qe3 Qb4 18. e5 Bg7 19. b3 c5 20. Rad1 cxd4 21.
Nxd4 Rd7 22. Nc6 1-0

[Event "*** SCC Grand Prix: Titled Tuesday Blitz"]
[Site "Chess.com"]
[Date "2020.07.21"]
[Round "2"]
[White "Danfii"]
[Black "maiconramazzotte99"]
[Result "1-0"]
[WhiteElo "2344"]
[BlackElo "1745"]
[TimeControl "180+1"]
[EndTime "10:14:35 PDT"]
[Termination "Danfii won by resignation"]

1. e4 c5 2. Nf3 d6 3. d4 cxd4 4. Nxd4 Nf6 5. Nc3 a6 6. Be3 e6 7. g4 Be7 8. g5 Nfd7 9. h4 Nc6 10. Qd2 Nde5 11. Be2 Bd7 12. f4 Nxd4 13. Bxd4 Nc6 14. Bxg7 Rg8 15. Bd4 e5 16. Be3 b5 17. Nd5 Be6 18. Bb6 Qd7 19. Nc7+ Kf8 20. Nxa8 Qb7 21. f5 Bd7 22. f6 Bd8 23. Bxd8 Nxd8 24. Qxd6+ 1-0

[Event "*** SCC Grand Prix: Titled Tuesday Blitz"]
[Site "Chess.com"]
[Date "2020.07.21"]
[Round "2"]
[White "Zkid"]
[Black "turayev_shahruh17"]
[Result "1-0"]
[WhiteElo "2794"]
[BlackElo "2515"]
[TimeControl "180+1"]
[EndTime "10:14:37 PDT"]
[Termination "Zkid won by resignation"]

1. e4 e6 2. d4 d5 3. Nc3 Bb4 4.
Ne2 dxe4 5. a3 Bxc3+ 6. Nxc3 Nc6 7. d5 exd5 8. Qxd5 Be6 9. Qxd8+ Rxd8 10. Bf4 Nf6 11.
Bxc7 Rc8 12. Bd6 Rd8 13. O-O-O Bd5 14. Nb5 Kd7 15. c4 a6 16. cxd5 Na5 17. Bb4 Nb3+ 18. Kc2 axb5 19. Kxb3 Ng4 20. Bxb5+ 1-0

[Event "*** SCC Grand Prix: Titled Tuesday Blitz"]
[Site "Chess.com"]
[Date "2020.07.21"]
[Round "2"]
[White "Carnivoras"]
[Black "AGW2016"]
[Result "1-0"]
[WhiteElo "2619"]
[BlackElo "2244"]
[TimeControl "180+1"]
[EndTime "10:14:39 PDT"]
[Termination "Carnivoras won by resignation"]

1. d4 Nf6 2. c4 g6 3. Nc3 Bg7 4. e4 d6 5. Nf3 O-O 6. Be2 e5 7. O-O Nc6 8. d5 Ne7 9. b4 Nh5 10. g3 f5 11. Ng5 Nf6 12. f3 c6 13. Be3 h6 14. Ne6 Bxe6 15. dxe6 Ne8 16. Qb3 Nc7 17. Rad1 Nxe6 18. c5 d5 19. exd5 cxd5 20. Nxd5 Nxd5 21. Rxd5 Qe7 22. Rd6 Rae8 23. Bc4 Rf6 24. Rfd1 Kh7 25. Rd7 Qf8 26. Rxb7 f4 27. Bf2 fxg3 28. Bxg3 Rxf3 29.
Bxe6 Rxb3 30. Bxb3 Re7 31. c6 Qf3 32. Rxe7 Qxc6 33.
Rdd7 Qc1+ 34. Kg2 Qb2+ 35. Kh3 h5 36. Rxg7+ Kh6 37. Rh7+ Kg5 38. Bh4+ Kf5 39. Rhf7+ Ke4 40. Bd5+ Ke3 41. Rf3+ Kd4 42. Bf2+ Qxf2 43. Rxf2 1-0

[Event "*** SCC Grand Prix: Titled Tuesday Blitz"]
[Site "Chess.com"]
[Date "2020.07.21"]
[Round "2"]
[White "lelya96"]
[Black "MateSchmate"]
[Result "1/2-1/2"]
[WhiteElo "2171"]
[BlackElo "2410"]
[TimeControl "180+1"]
[EndTime "10:14:41 PDT"]
[Termination "Game drawn by agreement"]

1. e4 e6 2. d4 d5 3. Nc3 Bb4 4. Ne2 dxe4 5. a3 Be7 6. Nxe4 b6 7. N2c3 Bb7 8. Be3 Nd7 9. Qd2 Ngf6 10. Nxf6+ Nxf6 11. O-O-O Nd5 12. Nxd5 Qxd5 13. Kb1 O-O-O 14. f3 Bf6 15. Be2 Rhe8 16. Qb4 e5 17. Bc4 Qd6 18.
Qxd6 Rxd6 19. dxe5 Rxd1+ 20. Rxd1 Rxe5 21. Bd4 Re7 22.
Bxf6 gxf6 23. Rd4 c5 24. Rf4 Re1+ 25. Ka2 Rg1 26. Rxf6 Rxg2 27. Rxf7 Rxh2 28. Be6+ Kb8 29. Rf8+ Kc7 30. Rf7+ Kc6 31. Bf5 Ba6 32. Be4+ Kd6 33. Rxa7 Bc4+ 34. b3 Bd5 35. Rxh7 Rxh7 36. Bxh7 Bxf3 1/2-1/2